Map: Rosanegro LE

Players

IagoAbreu - Winner!

  • Race: Zerg Zerg
  • League: Gold
  • Spawn Location: 7:00

miraooo

  • Race: Zerg Zerg
  • Spawn Location: 1:00

VOD

Have the link to the VOD?

Description

Time

  • Played on: May 4, 2018, 11:31 p.m.
  • Length: 16:14
Show
View Real Time Build Order
Export as new Build Order

IagoAbreu Zerg - Winner!

Build Orders: Hatch First, Swarm Host 

Get SALT Encoding   

  12  0:03  Drone  
  13  0:11  Drone  
  14  0:17  Overlord  
  14  0:43  Hatchery  
  14  0:45  Drone  
  14  0:51  Drone  
  14  0:53  Drone  
  16  1:01  Drone  
  17  1:20  Spawning Pool  
  16  1:28  Drone  
  16  1:29  Drone  
  18  1:34  Drone  
  19  1:45  Extractor  
  18  1:48  Extractor  
  18  1:52  Overlord  
  17  1:55  Overlord  
  17  2:31  Extractor  
  16  2:43  Zergling x10  
  16  2:44  Zergling x2  
  22  2:45  Queen  
  22  2:46  Queen  
  27  2:57  Spine Crawler  
  27  3:12  Drone  
  27  3:13  Drone x3  
  29  4:02  Baneling Nest  
  28  4:08  Drone x4  
  28  4:09  Drone x6  
  39  4:10  Drone x2  
  39  4:15  Metabolic Boost  
  40  4:21  Evolution Chamber  
  39  4:25  Evolution Chamber  
  38  4:43  Drone x5  
  43  5:04  Hatchery  
  42  5:09  Baneling  
  42  5:10  Baneling x6  
  42  5:11  Baneling x4  
  42  5:13  Pneumatized Carapace  
  42  5:25  Lair  
  42  5:42  Extractor x2  
  40  5:48  Overlord  
  40  5:49  Overlord x5  
  40  5:58  Burrow  
  40  6:03  Zerg Melee Weapons Level 1  
  39  6:31  Drone x2  
  39  6:32  Drone x6  
  47  6:33  Drone x6  
  51  6:47  Zerg Ground Armor Level 1  
  51  6:56  Infestation Pit  
  50  7:25  Queen  
  52  7:33  Overseer  
  50  8:02  Hive  
  50  8:19  Extractor  
  49  8:22  Extractor  
  48  8:41  Hatchery  
  47  8:48  Drone x6  
  53  8:56  Zerg Ground Armor Level 2  
  53  8:59  Zerg Missile Weapons Level 1  
  53  9:03  Zergling x2  
  53  9:04  Zergling x10  
  53  9:05  Zergling x12  
  53  9:06  Zergling x12  
  53  9:07  Zergling x8  
  75  9:30  Hatchery  
  74  9:39  Queen x3  
  74  9:44  Overlord  
  74  9:45  Overlord x4  
  80  9:46  Overlord  
  80  9:56  Ultralisk Cavern  
  79  10:03  Drone x2  
  79  10:04  Drone x2  
  84  10:07  Drone x3  
  86  10:20  Swarm Host  
  86  10:21  Swarm Host x7  
  86  10:22  Swarm Host  
  109  10:59  Swarm Host x4  
  109  11:00  Swarm Host x2  
  109  11:03  Overlord  
  109  11:04  Overlord x5  
  127  11:47  Overseer  
  127  12:02  Ultralisk x5  
  127  12:03  Ultralisk x3  
  127  12:07  Overlord x4  
  175  12:49  Zerg Melee Weapons Level 2  
  175  12:51  Zerg Missile Weapons Level 2  
  175  12:53  Chitinous Plating  
  169  13:26  Swarm Host  
  169  13:27  Swarm Host x5  
  160  13:28  Swarm Host x7  
  189  14:28  Zergling x2  
  189  14:29  Zergling x4  
  180  14:57  Spire  
Show
View Real Time Build Order
Export as new Build Order

miraooo Zerg 

Build Orders: Hatch First 

Get SALT Encoding   

  12  0:03  Drone  
  13  0:19  Drone  
  14  0:28  Overlord  
  14  0:49  Drone  
  15  1:05  Hatchery  
  15  1:10  Drone x3  
  17  1:25  Drone  
  18  1:36  Spawning Pool  
  17  1:44  Evolution Chamber  
  17  1:45  Overlord  
  16  1:48  Drone  
  17  1:57  Drone  
  18  2:13  Extractor  
  17  2:20  Drone  
  17  2:21  Drone  
  19  2:35  Zergling x4  
  21  2:45  Zergling x4  
  21  2:46  Zergling x2  
  24  2:57  Extractor  
  23  3:20  Drone  
  16  4:05  Spine Crawler  
  15  4:16  Drone  
  15  4:17  Drone x4  
  18  4:20  Overlord  
  20  4:24  Hatchery  
  19  4:37  Spore Crawler  
  18  4:58  Drone  
  18  4:59  Drone x2  
  21  5:11  Drone x3  
  21  5:14  Queen  
  26  5:27  Metabolic Boost  
  26  5:39  Drone  
  26  5:40  Drone x2  
  29  5:49  Queen  
  29  5:53  Baneling Nest  
  30  5:58  Queen  
  30  6:11  Zergling x2  
  30  6:12  Zergling x10  
  30  6:13  Zergling x4  
  38  6:23  Baneling Nest  
  38  6:25  Queen  
  39  6:26  Drone x2  
  32  7:00  Zergling x6  
  32  7:01  Zergling x8  
  39  7:10  Spine Crawler x2  
  37  7:32  Drone x3  
  37  7:33  Drone x5  
  37  7:34  Drone  
  37  7:37  Overlord x2  
  46  8:05  Zergling x8  
  49  8:06  Zergling x4  
  52  8:28  Lair  
  52  9:11  Zergling x6  
  52  9:12  Zergling x6  
  58  9:21  Drone  
  58  9:22  Drone x2  
  58  9:23  Extractor  
  60  9:24  Extractor  
  60  9:31  Roach Warren  
  58  9:55  Queen x3  
  43  10:31  Roach x3  
  43  10:32  Roach x3  
  56  10:50  Roach, Zergling x4  
  56  10:51  Roach x2  
  63  11:05  Hydralisk Den  
  62  11:12  Spire  
  62  11:16  Overlord x3  
  61  11:40  Ravager  
  61  11:41  Ravager x3  
  61  11:46  Hydralisk x3  
  67  11:47  Hydralisk x3  
  77  12:06  Extractor  
  76  12:12  Overlord x2  
  76  12:15  Hydralisk x2  
  76  12:16  Hydralisk  
  76  12:20  Drone x2  
  76  12:21  Drone  
  85  12:33  Zergling x4  
  85  12:34  Zergling x10  
  85  12:35  Zergling x6  
  85  12:36  Roach  
  97  12:56  Mutalisk x5, Spine Crawler  
  97  12:57  Spine Crawler  
  105  13:00  Spine Crawler  
  83  13:35  Mutalisk  
  83  13:36  Mutalisk x5  
  83  13:37  Mutalisk  
  97  13:47  Zerg Flyer Weapons Level 1  
  97  14:05  Mutalisk  
  97  14:06  Hatchery  
  72  14:37  Mutalisk x2  
  47  15:21  Drone x4  
  41  15:35  Mutalisk x2  
Tags
 
Composition
Swarm Host
League
Gold
Matchup
ZvZ
Race
Zerg
Spawn Locations
Cross Positions
Add a new tag
Caveats
  • Supply blocks, unpowered buildings, or Contaminate may cause inaccurate times.
  • Supply counts are checked every 10 seconds.